 Dungeon Crawl Stone Soup version 0.26-a0-712-ga5a9c9c9d0 (webtiles) character file.

Game seed: 4628881997695452799

197 Azzok the Chopper (level 5, 0/41 HPs)
             Began as a Demonspawn Berserker on Nov 5, 2020.
             Was a Follower of Trog.
             Slain by a gnoll
             ... wielding a +0 halberd
              (6 damage)
             ... on level 3 of the Dungeon.
             The game lasted 00:02:28 (2807 turns).

Azzok the Chopper (Demonspawn Berserker)            Turns: 2807, Time: 00:02:29

Health: 0/41       AC: 11    Str: 18    XL:     5   Next: 46%
Magic:  0/5        EV:  7    Int:  8    God:    Trog [*.....]
Gold:   164        SH:  0    Dex: 13    Spells: 4/4 levels left

rFire    . . .     SeeInvis .   m - +2 whip (drain)
rCold    . . .     Faith    .   (no shield)
rNeg     . . .     Spirit   +   o - +0 chain mail
rPois    .         Reflect  .   (helmet restricted)
rElec    .         Harm     .   t - +0 cloak
rCorr    .         Rampage  .   (no gloves)
MR       .....                  (no boots)
Stlth    ..........             (no amulet)
HPRegen  0.13/turn              (no ring)
MPRegen  0.09/turn              (no ring)

@: no status effects
A: antennae 1, iridescent scales 1, magic shield, rot immunity
a: Berserk, Renounce Religion


You were on level 3 of the Dungeon.
You worshipped Trog.
Trog was aware of your devotion.
You visited 1 branch of the dungeon, and saw 3 of its levels.

You collected 164 gold pieces.

Inventory:

Hand Weapons
 a - a +0 hand axe
 m - a +2 whip of draining (weapon)
Armour
 l - a scarf of harm
 o - a +0 chain mail (worn)
 t - a +0 cloak (worn)
Scrolls
 b - 8 scrolls of identify {unknown}
 c - a scroll of fog {unknown}
 d - a scroll of amnesia {unknown}
 e - 2 scrolls of noise {unknown}
 f - 5 scrolls of remove curse {unknown}
 i - 2 scrolls of enchant armour {unknown}
 q - 2 scrolls of fear {unknown}
 r - a scroll of magic mapping {unknown}
Potions
 g - 2 potions of heal wounds {unknown}
 h - a potion of flight {unknown}
 j - a potion of magic {unknown}
 k - 2 potions of curing {unknown}
 n - a potion of berserk rage {unknown}
 p - a potion of might {unknown}
 s - 2 potions of degeneration {unknown}


   Skills:
 - Level 3.0 Fighting
 * Level 5.7 Axes
 - Level 1.7 Armour
 - Level 1.7 Dodging


You had 4 spell levels left.
You didn't know any spells.
Your spell library was empty.

Dungeon Overview and Level Annotations

Branches:
Dungeon (3/15)

Altars:


Innate Abilities, Weirdness & Mutations

You have a pair of small antennae on your head.
You are partially covered in iridescent scales. (AC +2)
When hurt, damage is shared between your health and your magic reserves.
You are immune to rotting.


Message History

You closely miss the gnoll.
The gnoll is heavily wounded.
The gnoll closely misses you. The gnoll hits you with a +0 club.
* * * LOW HITPOINT WARNING * * *
The gnoll barely misses you. x2
The gnoll hits you with a +0 halberd.
* * * LOW MAGIC WARNING * * *;
* * * LOW HITPOINT WARNING * * *
The gnoll closely misses you.
You closely miss the gnoll.
The gnoll is heavily wounded.
You barely miss the gnoll.
The gnoll is heavily wounded.
The gnoll hits you but does no damage. x2
You hit the gnoll.
The gnoll is severely wounded.
The gnoll hits you with a +0 club.
* * * LOW HITPOINT WARNING * * *
The gnoll hits you with a +0 halberd!
* * * LOW MAGIC WARNING * * *
You die...

▒·▒▒▒▒▒·▒▒▒▒·····▒▒▒▒
▒················▒ ▒
▒······▒▒▒▒▒▒▒╬▒▒▒ ▒
▒···$··▒ ▒▒···▒▒ ▒
▒▒·····▒ ▒▒···<·▒▒
▒·····▒ ▒▒·······▒▒
▒▒···▒▒▒▒···)·····▒▒
▒·g)··(·╬·········'·
▒▒·@·▒▒▒▒········†▒▒
▒▒g▒▒ ▒·······▒▒ ▒·▒
▒▒·····▒▒ ▒·▒ ▒▒···▒▒
▒·▒ ▒▒'▒▒ ·▒· ▒·▒ ▒ ▒
▒·▒ ▒▒[▒▒ ▒▒···▒▒


You could see 2 gnolls.

Vanquished Creatures
  An orc priest (D:3)
  Jessica (D:2)
  Terence (D:2)
  A gnoll (D:3)
  6 adders
  A dart slug (D:1)
  3 orcs (D:3)
  2 ball pythons
  2 bats
  3 giant cockroaches
  4 goblins
  8 hobgoblins
  6 kobolds
  A quokka (D:2)
  4 frilled lizards
  8 rats
52 creatures vanquished.

Notes
Turn   | Place    | Note
-------+----------+-------------------------------------------
     0 | D:1      | Azzok the Demonspawn Berserker began the quest for the Orb.
     0 | D:1      | Reached XP level 1. HP: 18/18 MP: 1/1
    70 | D:1      | Reached skill level 3 in Axes
   163 | D:1      | Gained mutation: You have a pair of small antennae on your
                  | head. [demonic ancestry]
   163 | D:1      | Reached XP level 2. HP: 10/24 MP: 2/2
  1075 | D:2      | Gained mutation: When hurt, damage is shared between your
                  | health and your magic reserves. [demonic ancestry]
  1075 | D:2      | Reached XP level 3. HP: 21/29 MP: 3/3
  1158 | D:2      | Noticed Jessica
  1166 | D:2      | Killed Jessica
  1166 | D:2      | Reached skill level 4 in Axes
  1178 | D:2      | Gained mutation: You are immune to rotting. [demonic
                  | ancestry]
  1178 | D:2      | Reached XP level 4. HP: 35/35 MP: 2/4
  1817 | D:2      | Noticed Terence
  1827 | D:2      | Killed Terence
  1827 | D:2      | Reached skill level 5 in Axes
  2379 | D:3      | Gained mutation: You are partially covered in iridescent
                  | scales. (AC +2) [demonic ancestry]
  2379 | D:3      | Reached XP level 5. HP: 27/41 MP: 5/5
  2807 | D:3      | Slain by a gnoll

Illustrated notes

Levels and vault maps discovered:
D:1:      lemuel_arrival_broad_hall, layout_loops_ring, minmay_tetromino_l4
D:2:      layout_loops_ring, uniq_jessica, uniq_terence
D:3:      layout_loops_corners

Skill      XL: |  1  2  3  4 |
---------------+-------------+-----
Axes           | 3 4 5 |  5.7
Fighting       | |  3.0
Armour         | |  1.7
Dodging        | |  1.7

Action                   |  1- 3 |  4- 6 || total
-------------------------+-------+-------++-------
Melee: Hand axe          |    70 |    52 ||   122
       Whip              |       |    62 ||    62
 Stab: Sleeping          |       |     1 ||     1
Armor: Leather armour    |    19 |    18 ||    37
       Chain mail        |       |    29 ||    29
Dodge: Dodged            |    35 |    66 ||   101

Table legend: (Time is in decaauts)
 A = Elapsed time spent in this place.
 B = Non-inter-level travel time spent in this place.
 C = Inter-level travel time spent in this place.
 D = Time resting spent in this place.
 E = Time spent auto-exploring this place.
 F = Levels seen in this place.
 G = Mean time per level.
                   A        B        C        D        E       F      G
               +--------+--------+--------+--------+--------+-----+--------+
         Total |   2815 |   2754 |     61 |     71 |   2217 |   3 |  938.3 |
       Dungeon |   2815 |   2754 |     61 |     71 |   2217 |   3 |  938.3 |
               +--------+--------+--------+--------+--------+-----+--------+

Top non-repeatable levels by time:
     D:2: 1171 daAuts
     D:1: 965 daAuts
     D:3: 679 daAuts
